[Event "*** Titled Tuesday Blitz"]
[Site "Chess.com"]
[Date "2020.05.05"]
[Round "3"]
[White "JulAnt"]
[Black "Evgeny81"]
[Result "1-0"]
[WhiteElo "2440"]
[BlackElo "2663"]
[TimeControl "180+1"]
[EndTime "10:30:11 PDT"]
[Termination "JulAnt won by resignation"]

1. e4 e6 2. d4 d5 3. Nd2 Nf6 4. e5 Nfd7 5. Bd3 c5 6. c3 Nc6 7. Ne2 cxd4 8. cxd4 f6 9. exf6 Nxf6 10. O-O Bd6 11.
Nf3 O-O 12. Bg5 Bd7 13. Bh4 Qb6 14. Rb1 Nb4 15. a3 Nxd3 16. Qxd3 Bb5 17. Qd1 Ne4 18. Re1 e5 19. Nc3 Nxc3 20. bxc3 e4 21. Ng5 Qc6 22. Qh5 h6 23. Ne6 Rf7 24. Nd8 Rxd8 25. Bxd8 Bd3 26. Ra1 Bxh2+ 27. Qxh2 Qd7 28. Bh4 Rf5 29. Bg3 Qf7 30. Qh4 Kh7 31. Re3 g5 32.
Qh3 h5 33. Rd1 h4 34. Be5 Rxf2 35. Rexd3 exd3 36. Qxd3+ Kh6 37. Qe3 Rf5 38. Re1 Kh5 39.
Qe2+ g4 40. Bd6 Qg6 41. Qe7 h3 42. Re5 g3 43. Rxf5+ Qxf5 44. Qe2+ Kh4 45. Be7+ 1-0

[Event "*** Titled Tuesday Blitz"]
[Site "Chess.com"]
[Date "2020.05.05"]
[Round "3"]
[White "aNaartjieZA"]
[Black "VALPARAISO37"]
[Result "1-0"]
[WhiteElo "2599"]
[BlackElo "2385"]
[TimeControl "180+1"]
[EndTime "10:30:11 PDT"]
[Termination "aNaartjieZA won on time"]

1. e4 e5 2. Nf3 Nc6 3. Bc4 Bc5 4. O-O Nf6 5. d3 d6 6. c3 a6 7. Bb3 Ba7 8. Nbd2 O-O 9. Re1 Re8 10. Nf1 Be6 11. Ng3 h6 12. Be3 Qd7 13. Bxe6 fxe6 14.
Bxa7 Rxa7 15. Nh4 Kh7 16. Qe2 Qe7 17. Nf3 Rf8 18. d4 exd4 19. cxd4 Nd7 20. Rac1 Rxf3 21. Qxf3 Nxd4 22. Qd3 c5 23. e5+ g6 24. exd6 Qxd6 25.
Ne4 Qd5 26. Qg3 b6 27. Nc3 Qf5 28. Qd6 e5 29. Qe7+ Kg8 30. Ne4 Qf8 31. Qh4 Qf4 32. Qd8+ Qf8 33. Qh4 Qf4 34. Qxf4 exf4 35. Nd6 Nf6 36.
Nc4 Rb7 37. Kf1 g5 38. h3 a5 39. a4 Kg7 40. Re5 Kg6 41. Rce1 f3 42. Re7 Rb8 43.
g3 g4 44. h4 b5 45. Ne5+ Kf5 46.
Rf7 Rd8 47. axb5 Ke6 48. Nc6+ Kxf7 49. Nxd8+ Kg6 50. b6 Nd5 51. b7 Nc2 52. Re6+ Kf5 53. b8=Q Nde3+ 54. fxe3 Nxe3+ 55. Rxe3 c4 56. Re6 1-0

[Event "*** Titled Tuesday Blitz"]
[Site "Chess.com"]
[Date "2020.05.05"]
[Round "3"]
[White "Kapibara_Warri0r"]
[Black "InitiatingASC"]
[Result "0-1"]
[WhiteElo "2084"]
[BlackElo "2325"]
[TimeControl "180+1"]
[EndTime "10:30:11 PDT"]
[Termination "InitiatingASC won on time"]

1. e4 c5 2. Nf3 Nc6 3. d4 cxd4 4. Nxd4 Nf6 5. Nc3 h6 6. Be3 e5 7. Ndb5 a6 8. Nd6+ Bxd6 9. Qxd6 Qe7 10. Qxe7+ Kxe7 11. Bc4 d6 12. Bd5 Be6 13. O-O-O Bxd5 14. Nxd5+ Nxd5 15. Rxd5 Rhd8 16. a3 Ke6 17. Rhd1 Ne7 18. R5d3 f5 19.
f3 Rac8 20. Bb6 Rd7 21. a4 d5 22. exd5+ Rxd5 23. a5 Rc4 24. Kb1 Rxd3 25. Rxd3 Nd5 26.
Rb3 Rh4 27. h3 Rb4 28. Rxb4 Nxb4 29. c3 Nd3 30. g3 g5 31. Be3 Ne1 32. f4 exf4 33.
gxf4 Ng2 34. Bf2 Nxf4 35. h4 g4 36. Kc2 h5 37. Kd2 Ke5 38. Bg3 Ke4 39. b4 Nd5 40.
Bd6 Ne3 41. Ke2 f4 42. Kf2 g3+ 43. Kg1 Nf5 44. Bc7 Nxh4 45. c4 Nf3+ 46. Kg2 h4 47. b5 Ng5 48. bxa6 bxa6 49. c5 h3+ 50. Kg1 Ne6 51.
Bd6 Kd5 0-1

[Event "*** Titled Tuesday Blitz"]
[Site "Chess.com"]
[Date "2020.05.05"]
[Round "3"]
[White "AnnaChessLook"]
[Black "canary2016"]
[Result "1-0"]
[WhiteElo "2250"]
[BlackElo "1891"]
[TimeControl "180+1"]
[EndTime "10:30:11 PDT"]
[Termination "AnnaChessLook won on time"]

1. d4 d5 2. c4 c6 3. Nf3 Nf6 4. Nc3 e6 5. Bg5 Nbd7 6. e3 Qa5 7. Nd2 dxc4 8. Bxf6 Nxf6 9. Nxc4 Qc7 10. Bd3 Be7 11. O-O O-O 12. Rc1 Bd7 13. a3 Rac8 14. b4 Rfd8 15.
Bb1 Qb8 16. Ne5 Bd6 17. f4 Nd5 18. Nxd5 cxd5 19. Qh5 g6 20. Qg5 Bb5 21. Rfe1 Rc7 22. Ng4 Be7 23. Qh6 Rdc8 24. Rxc7 Qxc7 25. Qh3 Qc3 26. Rf1 Qxa3 27. Re1 Qxb4 28. Qg3 Qb3 29. f5 Bd3 30. fxe6 fxe6 31. Bxd3 Qxd3 32. Qe5 Bf8 33. Qxe6+ Kh8 34. Qxc8 Qf5 35. Qxf5 gxf5 36. Ne5 Kg7 37. Rb1 b6 38. Rc1 a5 39. Rc6 b5 40.
Rb6 b4 41. Rb5 a4 42. Nd3 b3 43. Kf2 Ba3 44. Ke2 Bd6 45. Kd1 Bxh2 46. Rb4 Bd6 47.
Rxa4 b2 48. Nxb2 Bg3 49. Nd3 Bh4 50. Ke2 Bg5 51. Ra7+ Kh6 52. Kf3 1-0

[Event "*** Titled Tuesday Blitz"]
[Site "Chess.com"]
[Date "2020.05.05"]
[Round "3"]
[White "H3nriqueTV"]
[Black "Kingsman132"]
[Result "0-1"]
[WhiteElo "2160"]
[BlackElo "2367"]
[TimeControl "180+1"]
[EndTime "10:30:12 PDT"]
[Termination "Kingsman132 won by resignation"]

1. e4 e6 2. d4 d5 3. e5 c5 4. c3 Nc6 5. Nf3 Nge7 6. Bd3 cxd4 7. cxd4 Qb6 8. O-O Bd7 9. Nbd2 Nxd4 10. Nxd4 Qxd4 11.
Nf3 Qb6 12. Be3 Qc7 13. Rc1 Nc6 14. a3 Be7 15. Qc2 Rc8 16. b4 Qb8 17. Qd2 O-O 18. b5 Nxe5 19. Nxe5 Qxe5 20. Bd4 Qb8 21. Qe2 Rxc1 22. Rxc1 Rc8 23. Rf1 Qc7 24. Qh5 g6 25. Qh6 Bf8 26. Qg5 Bg7 27. Bxg7 Kxg7 28. h4 f6 29. Qg4 e5 30. Qb4 Qc5 31. Qa4 e4 32. Be2 d4 33. h5 d3 34. Bd1 Bxb5 35. Qxe4 d2 36. hxg6 hxg6 37. Qe6 Bxf1 38. Qd7+ Kf8 39. Kxf1 Re8 40. Qxd2 Qc4+ 41. Kg1 Qe4 42. Qd6+ Qe7 43.
Qxe7+ Rxe7 44. Bf3 Re1+ 45. Kh2 b6 46. a4 Ke7 47. Bc6 Ra1 48. Bb5 Kd6 49. Kg3 Kc5 50.
f4 a6 51. Be8 b5 52. axb5 axb5 53. Bxg6 b4 54. Kg4 b3 55. Kf5 Rf1 56. Kxf6 Rxf4+ 57. Kg5 Rf1 58. g4 Rg1 59. Kf4 b2 60. g5 Kd6 61.
Bb1 Rxb1 0-1

[Event "*** Titled Tuesday Blitz"]
[Site "Chess.com"]
[Date "2020.05.05"]
[Round "3"]
[White "ChessAintFun"]
[Black "rpragchess"]
[Result "0-1"]
[WhiteElo "2620"]
[BlackElo "2853"]
[TimeControl "180+1"]
[EndTime "10:30:15 PDT"]
[Termination "rpragchess won by resignation"]

1. e4 c5 2. Nf3 e6 3. d4 cxd4 4. Nxd4 a6 5. Bd3 Bc5 6. Nb3 Be7 7. Qg4 g6 8. Qe2 d6 9. Be3 Qc7 10. Na3 Nd7 11. Nc4 b5 12. Nca5 Ne5 13. O-O Nf6 14.
a4 O-O 15. axb5 axb5 16. f4 Nxd3 17. cxd3 Bb7 18. f5 exf5 19. Nxb7 Qxb7 20. exf5 Rxa1 21.
Rxa1 Re8 22. fxg6 hxg6 23. Bd4 Bd8 24. Qf2 Qd5 25. Bxf6 Bxf6 26. Qxf6 Qxb3 27. Qc3 Qxc3 28. bxc3 Re2 29. Ra6 Rc2 30. Rxd6 Rxc3 31. Kf2 b4 32. Kf3 b3 33. Ke3 Rc2 34. Kf3 b2 35. Rb6 Rd2 36. d4 Kf8 37. h4 Ke7 38. g3 Rd3+ 39. Kf2 Rd2+ 40. Ke3 Rg2 41. Kf3 Rd2 42. Ke3 Rg2 43. Kf3 Rc2 44. Ke4 f5+ 45. Kf4 Rf2+ 46.
Kg5 Rg2 47. Kxg6 f4 48. Kf5 f3 49. Kg4 f2 50. Rb7+ Kd6 51. Rxb2 f1=Q 0-1

[Event "*** Titled Tuesday Blitz"]
[Site "Chess.com"]
[Date "2020.05.05"]
[Round "3"]
[White "DaggiGretarsson"]
[Black "isla88"]
[Result "1-0"]
[WhiteElo "2523"]
[BlackElo "2289"]
[TimeControl "180+1"]
[EndTime "10:30:15 PDT"]
[Termination "DaggiGretarsson won by resignation"]

1. d4 Nf6 2. c4 e5 3. dxe5 Ng4 4. Bf4 g5 5. Bd2 Bg7 6. Nf3 Nxe5 7. Nxe5 Bxe5 8. Bc3 Qe7 9. h4 g4 10. g3 d6 11. Bg2 Nc6 12. O-O Be6 13. Qb3 Bc8 14.
Bxe5 Qxe5 15. Nc3 Nd4 16. Qd1 O-O 17. e3 Nf3+ 18. Bxf3 gxf3 19. Qxf3 c6 20. Rfd1 Be6 21.
Rd4 Kh8 22. Rad1 Rad8 23. Qf4 Qxf4 24. Rxf4 Kg7 25. b3 Rd7 26. Rfd4 Rfd8 27. f3 Kf6 28.
Kf2 Ke7 29. g4 f5 30. g5 Bf7 31. Ne2 d5 32. cxd5 Bxd5 33. Nf4 Bf7 34. Rxd7+ Rxd7 35. Rxd7+ Kxd7 36. Nd3 Kd6 37. Kg3 a5 38. Kf4 b5 39.
Ne5 Be6 40. h5 a4 41. bxa4 bxa4 42. a3 c5 43. g6 hxg6 44. h6 Bg8 45. Nxg6 c4 46.
e4 c3 47. Ke3 fxe4 48. fxe4 Bh7 49. Nf8 Bxe4 50. h7 Bxh7 51. Nxh7 Kc5 52. Kd3 c2 53.
Kxc2 Kc4 54. Nf6 Kd4 55. Nd7 Kc4 56. Ne5+ Kd4 57. Nd3 Kc4 58. Nb2+ Kb5 59. Kc3 Ka5 60. Kc4 1-0

[Event "*** Titled Tuesday Blitz"]
[Site "Chess.com"]
[Date "2020.05.05"]
[Round "3"]
[White "Gmedmundo"]
[Black "XiaoKangZhong"]
[Result "0-1"]
[WhiteElo "2473"]
[BlackElo "2308"]
[TimeControl "180+1"]
[EndTime "10:30:15 PDT"]
[Termination "XiaoKangZhong won on time"]

1. e4 c6 2. d4 d5 3. e5 c5 4. dxc5 Nc6 5. Nf3 Bg4 6. h3 Bxf3 7. Qxf3 e6 8. Bb5 Bxc5 9. O-O Ne7 10. Qg3 O-O 11. Bg5 Qb6 12. Bxc6 bxc6 13. Nc3 Nf5 14. Qd3 h6 15. Na4 Qb4 16. Nxc5 hxg5 17. Nb3 g4 18. c3 Qf4 19. g3 Qxe5 20. hxg4 Nd6 21. Nd4 c5 22. Nc6 Qg5 23. f4 Qxg4 24. Ne7+ Kh8 25. Kg2 g6 26. Rh1+ Kg7 27. Rh4 c4 28.
Qd4+ e5 29. Qxe5+ f6 30. Qxd6 Qe2+ 31. Kh3 Rh8 32. Nf5+ gxf5 33. Qd7+ Kg6 34. Rg1 Qf3 35. Kh2 Rae8 36. Rg2 Re2 37. Rxe2 Qxe2+ 38. Kh3 Qf1+ 39. Kh2 Qf2+ 40. Kh3 Rxh4+ 41. gxh4 Qf3+ 42. Kh2 Qxf4+ 43. Kg2 Qg4+ 44. Kf1 Qxh4 45. Qe8+ Kg5 46. Qg8+ Kh5 47. Qxd5 Qf4+ 48. Kg2 Qe4+ 49. Qxe4 fxe4 50. b4 cxb3 51. axb3 Kg6 52. Kg3 Kf7 53. Kf4 f5 54. b4 Ke6 55.
c4 Kd6 56. c5+ Kc6 57. Ke3 a5 58. bxa5 Kxc5 0-1

[Event "*** Titled Tuesday Blitz"]
[Site "Chess.com"]
[Date "2020.05.05"]
[Round "3"]
[White "2165149677570"]
[Black "Djager97"]
[Result "1-0"]
[WhiteElo "2315"]
[BlackElo "2466"]
[TimeControl "180+1"]
[EndTime "10:30:15 PDT"]
[Termination "2165149677570 won by resignation"]

1. e4 e6 2. d4 d5 3. Nd2 c5 4. exd5 Qxd5 5. Ngf3 cxd4 6. Bc4 Qd6 7. O-O Nf6 8. Nb3 Nc6 9. Nbxd4 Nxd4 10. Nxd4 a6 11. Bb3 Bd7 12. c3 Qc7 13. Qf3 Bd6 14. h3 O-O-O 15.
Be3 h6 16. Rac1 Be5 17. Rfd1 g5 18. c4 Rhg8 19. c5 Bc6 20. Nxc6 Qxc6 21. Qxc6+ bxc6 22. Bc4 Kb7 23. b4 Nd5 24. Bd4 Bxd4 25. Rxd4 Nc7 26. Rcd1 Rxd4 27. Rxd4 Kc8 28. Rd6 Rd8 29. Rxc6 Rd1+ 30.
Kh2 Kd7 31. Rb6 Rd4 32. Bb3 Rd2 33. Kg3 f5 34. Bc4 Rd4 35. Bf1 h5 36. a4 h4+ 37.
Kh2 Nd5 38. Rb7+ Kc6 39. Bxa6 Nxb4 40. Rb6+ Kxc5 41. Rb5+ Kc6 42. Bb7+ Kc7 43. a5 Nd5 44. a6 Nb6 45. a7 Kxb7 46. Rxb6+ Kxb6 47. a8=Q Rd5 48. Qb8+ Kc5 49. Qf8+ Kd4 50. Qg7+ Ke4 51. Qxg5 e5 52.
Qxh4+ f4 53. Qh7+ Kd4 54. f3 Ke3 55. Qe4+ 1-0

[Event "*** Titled Tuesday Blitz"]
[Site "Chess.com"]
[Date "2020.05.05"]
[Round "3"]
[White "LiderChessAcademy"]
[Black "chiwii"]
[Result "1-0"]
[WhiteElo "2461"]
[BlackElo "2254"]
[TimeControl "180+1"]
[EndTime "10:30:15 PDT"]
[Termination "LiderChessAcademy won by checkmate"]

1. d4 Nf6 2. Bg5 Ne4 3. Bh4 c5 4. f3 Nf6 5. d5 d6 6. e4 Nbd7 7.
Nc3 g6 8. f4 Bg7 9. Nf3 O-O 10.
Bd3 a6 11. a4 Qc7 12. Qe2 Nh5 13. g3 Ndf6 14. h3 Re8 15. e5 dxe5 16. fxe5 Nd7 17. e6 Ne5 18. exf7+ Nxf7 19. O-O Nxg3 20. Qh2 Qb6 21.
Bxg3 c4+ 22. Bf2 Qxb2 23. Bxg6 hxg6 24. Ne4 Qxc2 25. Rae1 Bf5 26. Nfg5 Rad8 27. Nxf7 Kxf7 28. Ng5+ Kg8 29. Ne6 Bxe6 30. Rxe6 Rxd5 31. Qg2 Rd6 32. Rfe1 Rxe6 33. Rxe6 Qc1+ 34. Re1 Qh6 35. Qd5+ Kh7 36. Re4 Bf6 37. Qf7+ Qg7 38. Qxe8 c3 39. Rc4 b5 40.
axb5 axb5 41. Qxb5 Be5 42. Qc6 Bd6 43. Rh4+ Kg8 44. Qc8+ Kf7 45. Rh8 Kf6 46. Qxc3+ Be5 47.
Qf3+ Ke6 48. Ra8 Kd7 49. Ra7+ Bc7 50. Qd5+ Kc8 51. Qe6+ Kb8 52. Qa6 Qe5 53. Ra8# 1-0

[Event "*** Titled Tuesday Blitz"]
[Site "Chess.com"]
[Date "2020.05.05"]
[Round "3"]
[White "Antipov_Mikhail_Al"]
[Black "viktorskliarov"]
[Result "1-0"]
[WhiteElo "2871"]
[BlackElo "2574"]
[TimeControl "180+1"]
[EndTime "10:30:16 PDT"]
[Termination "Antipov_Mikhail_Al won by resignation"]

1. e4 c5 2. Nf3 Nc6 3. Bb5 e6 4. b3 Nge7 5. Bb2 a6 6. Bxc6 Nxc6 7. O-O d6 8. d4 cxd4 9. Nxd4 Nxd4 10. Bxd4 e5 11. Be3 Be7 12. c4 O-O 13. Nc3 Be6 14. Qd2 Rc8 15. Rfd1 f5 16. exf5 Rxf5 17. Ne4 Rc6 18.
Rac1 Rf7 19. Rc3 Qc8 20. f3 Bf5 21. Ng3 Bg6 22. Rcc1 h5 23. h3 h4 24. Ne4 Bxe4 25. fxe4 Qe6 26. Qd5 Qxd5 27. cxd5 Rxc1 28. Rxc1 Bf8 29.
Rc8 Kh7 30. Bg5 Kg6 31. Bxh4 Be7 32. Bxe7 Rxe7 33. Rd8 Kg5 34. Rxd6 Kf4 35. Re6 Rc7 36. d6 Rc1+ 37. Kh2 Kxe4 38. Rg6 Rd1 39. Rxg7 Rxd6 40. Rxb7 Kd3 41. Re7 e4 42. g4 e3 43. g5 e2 44.
Kg3 Rd4 45. Kf3 Rh4 46. Re3+ Kd4 47. Rxe2 Rxh3+ 48. Kg4 Rh1 49. Rg2 Ke5 50. Re2+ Kd5 51. g6 a5 52. Kg5 Rg1+ 53. Kf6 Kc5 54. g7 Kb4 55. Rf2 Ka3 56. Kf7 a4 57. bxa4 Rxg7+ 58. Kxg7 Kxa4 59. Kf6 1-0

[Event "*** Titled Tuesday Blitz"]
[Site "Chess.com"]
[Date "2020.05.05"]
[Round "3"]
[White "CyberneticLion"]
[Black "Aleksandar-Topalov"]
[Result "1-0"]
[WhiteElo "2610"]
[BlackElo "2391"]
[TimeControl "180+1"]
[EndTime "10:30:16 PDT"]
[Termination "CyberneticLion won by resignation"]

1. d4 Nf6 2. Bf4 g6 3. Nc3 d5 4.
e3 Bg7 5. h4 h6 6. Nf3 O-O 7. Qd2 c6 8. O-O-O Qa5 9. Kb1 Nbd7 10.
Ne5 Nxe5 11. Bxe5 Bf5 12. f3 h5 13. Be2 c5 14. Nxd5 Qd8 15. Nc7 Rc8 16. dxc5 Nd7 17.
Bxg7 Kxg7 18. Qc3+ Kg8 19. Nb5 Rxc5 20. Qxc5 Nxc5 21.
Rxd8 Rxd8 22. Nd4 Bc8 23. Rd1 a6 24. Nb3 Rxd1+ 25. Bxd1 Nd7 26. c4 b6 27. Kc2 Bb7 28.
Kc3 e5 29. Nd2 f5 30. g3 Kf7 31. f4 Ke6 32. Nf3 Kd6 33. b4 a5 34. a3 Bc6 35. fxe5+ Nxe5 36. c5+ bxc5 37. bxc5+ Ke6 38. Bb3+ Kf6 39. Nd4 Be4 40. Ba4 Ng4 41. c6 Bxc6 42. Nxc6 Nxe3 43. Nxa5 Nf1 44. Bc6 Nxg3 45. Nb7 Ne2+ 46. Kd3 Nf4+ 47. Kc4 Ne6 48. a4 g5 49. Nc5 Nc7 50. hxg5+ Kxg5 51. Kd4 h4 52. Ke5 h3 53. Kd6 1-0

[Event "*** Titled Tuesday Blitz"]
[Site "Chess.com"]
[Date "2020.05.05"]
[Round "3"]
[White "CMS13"]
[Black "ninullia"]
[Result "0-1"]
[WhiteElo "2165"]
[BlackElo "2427"]
[TimeControl "180+1"]
[EndTime "10:30:16 PDT"]
[Termination "ninullia won by checkmate"]

1. e4 e5 2. Bc4 Nc6 3. Nc3 Nf6 4.
d3 Be7 5. f4 O-O 6. Nf3 d6 7.
O-O Bg4 8. h3 Bxf3 9. Qxf3 Na5 10. Bb3 Nxb3 11. axb3 exf4 12. Bxf4 c6 13. Kh1 Kh8 14. Ne2 d5 15. e5 Ne8 16. Nd4 Qd7 17. Qg3 Nc7 18. Be3 Ne6 19. Nf5 a6 20. h4 Rg8 21. h5 d4 22. Bd2 h6 23. Rf3 Bg5 24.
Bxg5 Nxg5 25. Rf4 c5 26. Raf1 Rae8 27. Nd6 Rxe5 28. Nxf7+ Nxf7 29. Rxf7 Rxh5+ 30. Kg1 Qe6 31. Rf8 Rxf8 32. Rxf8+ Kh7 33. Rf1 Rg5 34. Qf3 b6 35.
Qe4+ Qxe4 36. dxe4 Rg3 37. Re1 Kg6 38. Kf2 Rg5 39.
e5 Kf7 40. Kf3 Ke6 41. g4 Rxe5 42. Ra1 a5 43. Ra4 Kd5 44. c3 Re1 45. b4 d3 46.
bxa5 d2 47. a6 d1=Q+ 48. Kf2 Re2+ 49. Kg3 Qxa4 50. Kh4 Qxa6 51. c4+ Qxc4 52. b3 Qd3 53. b4 Rh2# 0-1

[Event "*** Titled Tuesday Blitz"]
[Site "Chess.com"]
[Date "2020.05.05"]
[Round "3"]
[White "KNVB"]
[Black "Petrosyan_Tigran"]
[Result "0-1"]
[WhiteElo "2756"]
[BlackElo "2527"]
[TimeControl "180+1"]
[EndTime "10:30:17 PDT"]
[Termination "Petrosyan_Tigran won on time"]

1. d4 d5 2. Bf4 c5 3. e3 e6 4. Nf3 Nc6 5. c3 Bd6 6. Nbd2 Nge7 7. Bd3 b6 8. O-O Bb7 9. Qe2 h6 10. Bxd6 Qxd6 11. e4 cxd4 12. e5 Qd7 13. cxd4 O-O 14. a3 Rac8 15. Rfc1 Na5 16. b3 Rxc1+ 17. Rxc1 Rc8 18.
Qd1 Rxc1 19. Qxc1 Qc8 20. Qxc8+ Bxc8 21. Kf1 Kf8 22. Ke2 Nac6 23. Ke3 f6 24. g4 Bd7 25. h4 Be8 26. h5 fxe5 27. Nxe5 Nxe5 28. dxe5 g6 29. hxg6 Bxg6 30. Be2 d4+ 31. Kxd4 Nc6+ 32.
Ke3 Nxe5 33. f4 Nd7 34. b4 Ke7 35. Nf3 Kd6 36. Kd4 Nf6 37. g5 hxg5 38. fxg5 Nd7 39. Bb5 e5+ 40. Ke3 Nf8 41. Bd3 Bh5 42. Nd2 Ne6 43.
Ne4+ Ke7 44. Bc4 Nf4 45. Nf6 Bg6 46. Nd5+ Nxd5+ 47. Bxd5 Kd6 48. Be4 Bh5 49. Bf5 Be8 50. g6 Kc6 51. g7 Bf7 0-1

[Event "*** Titled Tuesday Blitz"]
[Site "Chess.com"]
[Date "2020.05.05"]
[Round "3"]
[White "CSB7"]
[Black "MattyDPerrine"]
[Result "0-1"]
[WhiteElo "2539"]
[BlackElo "2370"]
[TimeControl "180+1"]
[EndTime "10:30:17 PDT"]
[Termination "MattyDPerrine won by resignation"]

1. e4 c5 2. Nf3 a6 3. d4 cxd4 4. c3 dxc3 5. Nxc3 Nc6 6. Bc4 e6 7. O-O Nge7 8. Bg5 f6 9. Bh4 Ng6 10. Bg3 Be7 11. Re1 Na5 12. Bf1 O-O 13. Rc1 Nc6 14.
a3 b5 15. Nd5 Nge5 16. Nxe5 fxe5 17. Nxe7+ Qxe7 18. Qd2 Bb7 19. Red1 Rad8 20. Qd6 Qxd6 21. Rxd6 g5 22. Rcd1 Rf7 23. h4 h6 24. hxg5 hxg5 25. a4 bxa4 26. Bc4 Re7 27. Rxd7 Rdxd7 28. Bxe6+ Rxe6 29. Rxd7 Na5 30. f3 Bc6 31. Rc7 Bb5 32. Rc8+ Kf7 33.
Rc7+ Kg6 34. Be1 Nc4 35. Bc3 Rd6 36. Kh2 Rd1 37. Rb7 Rd6 38. Rc7 Re6 39. Rb7 Kh5 40.
Rh7+ Kg6 41. Rb7 Ne3 42. Rc7 Nd1 43. Ba5 Nxb2 44. Rc8 Nc4 45. Bc3 a3 46. Rg8+ Kf7 47.
Rc8 a2 48. Ra8 Kf6 49. Rf8+ Ke7 50. Ra8 Rd6 51. Ra7+ Ke6 52. Ra8 Rd3 0-1

[Event "*** Titled Tuesday Blitz"]
[Site "Chess.com"]
[Date "2020.05.05"]
[Round "3"]
[White "Kassimov_B"]
[Black "northridgehawk"]
[Result "0-1"]
[WhiteElo "2481"]
[BlackElo "2281"]
[TimeControl "180+1"]
[EndTime "10:30:17 PDT"]
[Termination "northridgehawk won by resignation"]

1. Nf3 Nf6 2. b3 g6 3. Bb2 Bg7 4. e4 d6 5. Nc3 c5 6. Nd5 Nbd7 7. Bb5 O-O 8. Bxd7 Bxd7 9. Nxf6+ exf6 10. O-O Re8 11. Re1 Bc6 12. d3 d5 13. exd5 Qxd5 14.
Qd2 h5 15. h3 Kh7 16. Rxe8 Rxe8 17. Re1 Bh6 18. Qd1 Re6 19. Re2 Qf5 20. Nh4 Qf4 21.
Rxe6 fxe6 22. Nf3 e5 23. Ne1 Qd2 24. Qxd2 Bxd2 25. Nf3 Bh6 26. Kf1 Kg7 27. a4 b6 28.
Ke2 Kf7 29. g4 hxg4 30. hxg4 Bf4 31. Nd2 Ke6 32. Nc4 f5 33. gxf5+ gxf5 34. Bc3 e4 35.
Bd2 Bc7 36. Bc1 a6 37. Be3 b5 38. Nb2 Bd6 39. axb5 axb5 40. Nd1 Kd5 41. Nc3+ Ke5 42.
Bh6 exd3+ 43. Kxd3 Kf6 44. Be3 b4 45. Ne2 Be4+ 46. Kd2 Ke5 47. Bf4+ Kd5 48. Be3 Be5 49. Ng1 f4 50. f3 fxe3+ 51. Kxe3 Bxc2 52. f4 Bf6 0-1

[Event "*** Titled Tuesday Blitz"]
[Site "Chess.com"]
[Date "2020.05.05"]
[Round "3"]
[White "Keks2017"]
[Black "Kate1606"]
[Result "1-0"]
[WhiteElo "2389"]
[BlackElo "2104"]
[TimeControl "180+1"]
[EndTime "10:30:17 PDT"]
[Termination "Keks2017 won by resignation"]

1. e4 c5 2. Nf3 g6 3. d4 cxd4 4. Nxd4 Nc6 5. Nc3 Bg7 6. Be3 Nf6 7. Bc4 O-O 8. Bb3 a5 9. a4 Ng4 10. Nxc6 Nxe3 11. Nxd8 Nxd1 12. Rxd1 Bxc3+ 13. bxc3 Rxd8 14. O-O d6 15. e5 Bg4 16. f3 Be6 17. exd6 Rxd6 18.
Rxd6 exd6 19. Rd1 Rd8 20. Kf2 Kf8 21. Ke3 Ke7 22. Kd4 Rc8 23. Re1 Rc5 24. g4 h5 25. h3 hxg4 26. hxg4 Kf6 27. Rb1 Rc7 28. Rh1 Rc5 29. Rh8 b5 30. axb5 Rxb5 31. c4 Rc5 32. Ra8 Kg5 33. Ra6 Kf4 34. Rxd6 Rc7 35. c5 Bxb3 36.
cxb3 Kxf3 37. g5 Kg4 38. Rd5 Rb7 39. c6 Rb8 40. Rxa5 Rc8 41. Rc5 Kf4 42. b4 Rc7 43. b5 Rc8 44. b6 Rd8+ 45. Rd5 Rb8 46. b7 Re8 47. c7 Re4+ 48. Kc5 Re1 49. b8=Q Rc1+ 50.
Kd6 Re1 51. c8=Q Kf3 52. Qb3+ Re3 53. Qxe3+ Kxe3 54. Qc4 Kf3 55. Rd3+ Ke2 56. Qc2+ 1-0

[Event "*** Titled Tuesday Blitz"]
[Site "Chess.com"]
[Date "2020.05.05"]
[Round "3"]
[White "ChesterF"]
[Black "51616516516"]
[Result "1/2-1/2"]
[WhiteElo "2517"]
[BlackElo "2300"]
[TimeControl "180+1"]
[EndTime "10:30:18 PDT"]
[Termination "Game drawn - insufficient material"]

1. d4 Nf6 2. c4 g6 3. Nc3 Bg7 4. e4 d6 5. Nf3 O-O 6. Be2 e5 7.
O-O Nc6 8. d5 Ne7 9. Ne1 Nd7 10.
Nd3 f5 11. f3 a5 12. Bd2 f4 13. Rc1 b6 14. a3 g5 15. b4 axb4 16. axb4 h5 17. Kh1 Nf6 18. c5 g4 19. cxd6 cxd6 20. Nb5 g3 21. Nc7 Ra7 22. Ne6 Bxe6 23. dxe6 gxh2 24.
Qb3 h4 25. Be1 Qe8 26. Bxh4 Qh5 27. Bf2 Nxe4 28. fxe4 Qxe2 29. Rce1 Qg4 30. Bxb6 Rb7 31. Bf2 f3 32. g3 Qh3 33. Nf4 exf4 34. Qxf3 fxg3 35. Qxg3 Qxg3 36. Bxg3 Rxf1+ 37. Rxf1 Be5 38. Bxe5 dxe5 39. Rb1 Nc6 40. b5 Nd4 41. b6 Kf8 42. Kxh2 Ke7 43. Kg3 Kxe6 44. Kg4 Ne2 45. Rh1 Kd6 46.
Rh6+ Kc5 47. Kf5 Nd4+ 48. Kxe5 Nc6+ 49. Kf4 Rxb6 50. e5 Nxe5 51. Rh5 Kd6 52. Rxe5 Rb4+ 53. Re4 Rxe4+ 54. Kxe4 1/2-1/2

[Event "*** Titled Tuesday Blitz"]
[Site "Chess.com"]
[Date "2020.05.05"]
[Round "3"]
[White "IMRosen"]
[Black "WastefulJustice"]
[Result "1-0"]
[WhiteElo "2567"]
[BlackElo "2359"]
[TimeControl "180+1"]
[EndTime "10:30:19 PDT"]
[Termination "IMRosen won by checkmate"]

1. d4 Nf6 2. Bf4 g6 3. Nc3 d5 4. e3 Bg7 5. h4 O-O 6. h5 c5 7. hxg6 fxg6 8. Nf3 Nc6 9. Qd2 Bf5 10.
dxc5 Qa5 11. Nd4 e5 12. Nxc6 bxc6 13. Bxe5 Qxc5 14. Bd3 Ng4 15. Bxg7 Kxg7 16. Rf1 Nh2 17. Rh1 Ng4 18. Be2 Rab8 19. Bxg4 Bxg4 20. b3 Rb4 21. Ne2 Bxe2 22. Qxe2 d4 23. Rd1 Rf7 24. e4 Re7 25. f3 a5 26. Qd2 a4 27. Qh6+ Kg8 28.
Rd2 a3 29. Qh4 Rbb7 30. Qf2 Rbd7 31. Rd3 Qb4+ 32. Qd2 Qb6 33. g4 c5 34. Kf2 Qf6 35.
g5 Qf7 36. Rh4 Re6 37. Qf4 Qg7 38. Kg3 Rf7 39. Qg4 Re8 40. Rd2 Qe5+ 41. Kg2 Ref8 42. Rf2 Qe7 43. Qh3 Qe5 44. Qg3 Qe7 45. Rg4 Qe6 46. Rh4 Qe7 47. Rh1 Qe6 48. Re1 Rf4 49. Rh1 Qe5 50. Qh2 Qxg5+ 51. Kf1 Rxf3 52. Qxh7# 1-0

[Event "*** Titled Tuesday Blitz"]
[Site "Chess.com"]
[Date "2020.05.05"]
[Round "3"]
[White "LastHeroJr"]
[Black "kikydu96"]
[Result "1/2-1/2"]
[WhiteElo "2528"]
[BlackElo "2350"]
[TimeControl "180+1"]
[EndTime "10:30:19 PDT"]
[Termination "Game drawn by repetition"]

1. e4 e5 2. Nf3 Nc6 3. Bc4 Nf6 4.
d3 Bc5 5. O-O h6 6. a4 a5 7. c3 O-O 8. Re1 Re8 9. Na3 d5 10.
exd5 Nxd5 11. d4 exd4 12. Rxe8+ Qxe8 13. Bxd5 dxc3 14. Nb5 cxb2 15. Bxb2 Bb6 16. h3 Bf5 17.
Bxc6 bxc6 18. Nbd4 Rd8 19. Qe1 Be4 20. Qc3 Qf8 21.
Re1 Bd5 22. Nxc6 Bxc6 23. Qxc6 Qb4 24. Qc3 Qxc3 25. Bxc3 Rd3 26. Rc1 f6 27. Kf1 Rd8 28. Bd2 g5 29. Be3 Bxe3 30. fxe3 Rd3 31. Rxc7 Rxe3 32.
Rc5 h5 33. Rxa5 g4 34. hxg4 hxg4 35. Nd4 Kf7 36. Kf2 Rd3 37. Nf5 Kg6 38. Rb5 Kg5 39.
Ng3+ Kg6 40. Nf5 Kg5 41. a5 Kf4 42. g3+ Ke4 43. Nd6+ Rxd6 44. Rb6 Rd2+ 45. Ke1 Ra2 46. Rxf6 Ke3 47. Kf1 Rxa5 48. Rf4 Ra1+ 49. Kg2 Ra2+ 50. Kg1 Ra1+ 51. Kg2 Ra2+ 52. Kh1 Ra8 53. Rxg4 Kf3 54.
Rg7 Kf2 55. Rf7+ Kxg3 56. Rg7+ Kf2 57. Rf7+ Kg3 58. Rg7+ Kf2 59. Rf7+ Kg3 1/2-1/2

[Event "*** Titled Tuesday Blitz"]
[Site "Chess.com"]
[Date "2020.05.05"]
[Round "3"]
[White "Natalya_Buksa"]
[Black "inegrepus"]
[Result "1-0"]
[WhiteElo "2501"]
[BlackElo "2273"]
[TimeControl "180+1"]
[EndTime "10:30:19 PDT"]
[Termination "Natalya_Buksa won by resignation"]

1. d4 Nf6 2. Nc3 d5 3. Bf4 Bf5 4. e3 e6 5. f3 Bb4 6. g4 Bg6 7. Bd3 c5 8. h4 Qa5 9. Ne2 Nc6 10. h5 Bxd3 11. Qxd3 c4 12. Qd2 b5 13. Kf2 h6 14.
a3 Be7 15. b4 Qb6 16. Rab1 Nd7 17. e4 Nf6 18. exd5 Nxd5 19. Nxd5 exd5 20. c3 O-O 21. Ng3 Bf6 22. Nf5 Rfe8 23. Bxh6 gxh6 24. Qxh6 Nxd4 25. cxd4 Bxd4+ 26. Kg3 Qxh6 27. Nxh6+ Kh7 28. Nxf7 Bg7 29. g5 d4 30. g6+ Kg8 31. h6 Be5+ 32. Kg4 d3 33. h7+ Kg7 34. h8=Q+ Rxh8 35. Rxh8 Rxh8 36. Nxe5 Re8 37. Kf4 c3 38. Nxd3 Kf6 39.
Rc1 Rc8 40. Nc5 Rxc5 41. bxc5 Kxg6 42. Rxc3 a5 43. c6 b4 44. axb4 axb4 45. c7 bxc3 46. c8=Q 1-0